 Dungeon Crawl Stone Soup version 0.21.1-1-g345015fe64 (webtiles) character file.

254 Kohma the Sneak (level 6, -1/32 HPs)
             Began as a Vine Stalker Assassin on July 9, 2018.
             Slain by a gnoll
             ... wielding a +0 spear
              (6 damage)
             ... on level 3 of the Dungeon.
             The game lasted 00:10:24 (2813 turns).

Kohma the Sneak (Vine Stalker Assassin)             Turns: 2813, Time: 00:10:24

Health: -1/32      AC:  4    Str: 13    XL:     6   Next: 14%
Magic:  0/7        EV: 11    Int: 13    God:
Gold:   134        SH:  4    Dex: 16    Spells: 5/5 levels left

rFire    . . .     SeeInvis .   a - +3 dagger
rCold    + . .     Gourm    .   p - +0 buckler
rNeg     . . .     Faith    .   u - +0 leather armour
rPois    .         Spirit   +   (no helmet)
rElec    .         Reflect  .   d - +0 cloak
rCorr    .         Harm     .   (no gloves)
MR       .....                  (no boots)
Stlth    +++.......             (no amulet)
HPRegen  0.50/turn              t - ring of protection from cold
MPRegen  0.10/turn              (no ring)

@: no status effects
A: fangs 2, regeneration 1, magic shield, antimagic bite, no potion heal 3, rot
immunity
a: no special abilities


You were on level 3 of the Dungeon.
You were not hungry.

You visited 1 branch of the dungeon, and saw 3 of its levels.

You collected 134 gold pieces.

Inventory:

Hand Weapons
 a - a +3 dagger (weapon)
 b - a +0 blowgun
 c - a +2 dagger
Missiles
 e - 4 poisoned needles
 f - 8 curare-tipped needles {!f}
 s - 42 stones (quivered)
Armour
 d - a +0 cloak (worn)
 p - a +0 buckler (worn)
 u - a +0 leather armour (worn)
Jewellery
 t - a ring of protection from cold (left hand)
Scrolls
 j - a scroll of identify
 n - a scroll of blinking
Potions
 i - a potion of lignification
 o - a potion of resistance
 r - a potion of magic
Comestibles
 g - 5 rations
 q - 5 chunks of flesh


   Skills:
 + Level 2.6 Fighting
 * Level 3.2 Short Blades
 + Level 2.9 Throwing
 - Level 1.0 Dodging
 + Level 5.6 Stealth
 * Level 2.1 Shields


You had 5 spell levels left.
You didn't know any spells.

Dungeon Overview and Level Annotations

Branches:
Dungeon (3/15)

Altars:
Gozag


Innate Abilities, Weirdness & Mutations

You have extremely sharp teeth.
Your natural rate of healing is unusually fast.
When hurt, damage is shared between your health and your magic reserves.
Your bite disrupts and absorbs the magic of your enemies.
Potions cannot restore your health.
You are immune to rotting.


Message History

The gnoll is severely wounded.
The gnoll hits you. The gnoll barely misses you.
You hit the gnoll.
You kill the gnoll!
A bat comes into view.
The bat moves out of view.
You block the gnoll's attack.
The gnoll hits you from afar with a spear.
The gnoll hits you with a spear!
* * * LOW HITPOINT WARNING * * *
You hit the gnoll. You bite the gnoll. You drain its power.
You feel invigorated.
The gnoll is heavily wounded.
You hear the rapid rusting of a very distant drain.
The gnoll hits you with a spear!
* * * LOW HITPOINT WARNING * * *
You closely miss the gnoll. Your bite misses the gnoll.
The gnoll is heavily wounded.
The gnoll hits you with a spear!
You die...

#..# # #######.. #
########.......### # #.#.#.#.#
#..#...# ### ......). #.....####
#.. .#.#.#.#.## ###......##
######.#
..........####..#.....###§§....#
#.#.#.#.##.)...####.§§§§§§.####
#.##....).###@# #..§§###.....
#.........# #g# #..§§# #####.
#..≈.≈...## #s# #....####....
##.≈≈≈≈..# #g# #.........###
#..≈.≈≈.## #.# #....######
#.....≈..# #.# #....#
#........###.# #....#
##.#.###.....#####...# ##...#
####.###......#


You could see a scorpion and 2 gnolls.

Vanquished Creatures
  An orc priest (D:2)
  3 orc wizards
  2 gnolls (D:3)
  4 adders
  An ooze (D:2)
  2 worms
  2 dart slugs
  2 leopard geckos
  7 orcs
  A ball python (D:2)
  7 bats (D:1)
  4 giant cockroaches
  5 goblins
  8 hobgoblins
  A jackal (D:1)
  6 frilled lizards
  6 kobolds
  5 rats
67 creatures vanquished.

Notes
Turn   | Place    | Note
-------+----------+-------------------------------------------
     0 | D:1      | Kohma the Vine Stalker Assassin began the quest for the Orb.
     0 | D:1      | Reached XP level 1. HP: 11/11 MP: 2/2
   233 | D:1      | Reached XP level 2. HP: 14/15 MP: 3/3
   713 | D:1      | Reached skill level 5 in Stealth
   721 | D:1      | Reached skill level 1 in Dodging
   880 | D:1      | Reached XP level 3. HP: 18/18 MP: 4/4
  1559 | D:2      | Gained mutation: Your natural rate of healing is unusually fast. [Vine Stalker growth]
  1559 | D:2      | Reached XP level 4. HP: 23/23 MP: 5/5
  1858 | D:2      | Found an opulent altar of Gozag.
  2034 | D:3      | Reached skill level 1 in Shields
  2047 | D:2      | HP: 1/23 [orc/club (3)]
  2344 | D:3      | Reached XP level 5. HP: 22/27 MP: 4/6
  2688 | D:3      | Reached XP level 6. HP: 26/32 MP: 5/7
  2813 | D:3      | Slain by a gnoll

Skill      XL: |  1  2  3  4  5 |
---------------+----------------+-----
Throwing       | 2 |  2.9
Short Blades   | 2 3 |  3.2
Fighting       | 2 |  2.6
Stealth        | 5 |  5.6
Dodging        | 1 |  1.0
Shields        | 1 2 |  2.1

Action                   |  1- 3 |  4- 6 || total
-------------------------+-------+-------++-------
Melee: Dagger            |    72 |   149 ||   221
       Bite              |    14 |    32 ||    46
 Fire: Blowgun           |    17 |     9 ||    26
  Use: Scroll            |       |    10 ||    10
 Stab: Sleeping          |     5 |     3 ||     8
  Eat: Ration            |     1 |       ||     1
       Chunk             |       |     3 ||     3
Armor: Robe              |    31 |     4 ||    35
       Leather armour    |       |    17 ||    17
Dodge: Dodged            |    68 |    64 ||   132
Block: Buckler           |     4 |    26 ||    30
